 Dungeon Sprint DCSS version 0.21-a0-154-gb5400c9 (webtiles) character file.

427 Lunath the Basher (level 6, -9/68 HPs)
             Began as a Troll Berserker on Aug 2, 2017.
             Was a Believer of Trog.
             Mangled by Sonja
             ... wielding a +1 dagger of distortion
              (16 damage)
             ... in the Dungeon (Sprint I: "Red Sonja").
             The game lasted 00:01:32 (194 turns).

Lunath the Basher (Troll Berserker)                  Turns: 194, Time: 00:01:33

Health: -9/68      AC:  5    Str: 26    XL:     6   Next: 65%
Magic:  5/5        EV: 12    Int:  3    God:    Trog [**....]
Gold:   311        SH:  0    Dex: 11    Spells: 5/5 levels left

rFire    . . .     SeeInvis .   j - +0 giant club
rCold    . . .     Gourm    +   (shield currently unavailable)
rNeg     . . .     Faith    .   b - +0 animal skin
rPois    .         Spirit   .   (helmet restricted)
rElec    .         Reflect  .   (no cloak)
rCorr    .         Harm     .   (gloves unavailable)
MR       .....     NoTele   +   (boots unavailable)
Stlth    +.........             (no amulet)
HPRegen  0.61/turn              (no ring)
MPRegen  0.09/turn              (no ring)

@: berserk cooldown, hasted and slowed
A: unfitting armour, claws 3, fast metabolism 3, gourmand, regeneration 1,
shaggy fur 1, tough skin 2
a: Berserk, Trog's Hand, Burn Spellbooks, Renounce Religion


You were in the Dungeon.
You worshipped Trog.
Trog was pleased with you.
You were not hungry.

You visited 1 branch You collected 311 gold pieces.

Inventory:

Hand Weapons
 j - a +0 giant club (weapon)
Armour
 b - a +0 animal skin (worn)
Scrolls
 i - a scroll of blinking
Potions
 g - 2 potions of magic
 h - a potion of berserk rage
Comestibles
 c - 2 bread rations


   Skills:
 + Level 6.5 Fighting
 * Level 9.7 Maces & Flails
 + Level 6.5 Dodging


You had 5 spell levels left.
You didn't know any spells.

Dungeon Overview and Level Annotations

Branches:
Dungeon (1/1)

Altars:
Cheibriados
Dithmenos
Elyvilon
Fedhas
Gozag
Hepliaklqana
Kikubaaqudgha
Nemelex Xobeh
Okawaru
Qazlal
Ru
Sif Muna
Trog
Uskayaw
Vehumet
Wu Jian
Yredelemnul
Zin
The Shining One

Shops:
D =

Annotations:
D Sonja


Innate Abilities, Weirdness & Mutations

You are too large for most types of armour.
You have claws for hands.
Your metabolism is lightning-fast.
You like to eat raw meat.
Your natural rate of healing is unusually fast.
You are covered in fur. (AC +1)
You have very tough skin. (AC +2)


Message History

Space bends around you. Sonja barely misses you.
You closely miss Sonja.
Sonja mumbles some strange words.
Sonja blinks!
There is an open door here.
You see here a curare-tipped needle.
You completely miss Sonja.
Sonja hits you with an uncursed dagger of distortion.
* * * LOW HITPOINT WARNING * * *
Sonja completely misses you.
Sonja hits you with an uncursed dagger of distortion.
* * * LOW HITPOINT WARNING * * *
Space bends around you.
* * * LOW HITPOINT WARNING * * *
You miss Sonja. Sonja barely misses you. Sonja hits you but does no damage.
Sonja closely misses you.
Sonja hits you with an uncursed dagger of distortion.
* * * LOW HITPOINT WARNING * * *
Sonja hits you but does no damage. x2; Space warps horribly around you!
You die...

#<.#..)..#..'..#
#..').#..').#..+
#..#####'#####'#
#..## #..#...#.#
#..#__####..##(#
#..#_____##'#_.+
#⌠⌠#_.∩...'.(._#
####_..__##_K#+#
#_____###@#
#########.##
+$.$+ #$.(#
##.## #+#


You could see Sonja.

Vanquished Creatures
  Sigmund (D)
  A yak (D)
  An ogre (D)
  A jelly (D)
  Ijyb (D)
5 creatures vanquished.

Notes
Turn   | Place    | Note
-------+----------+-------------------------------------------
     0 | D        | Lunath the Troll Berserker began the quest for the Orb.
     0 | D        | Reached XP level 1. HP: 22/22 MP: 0/0
     2 | D        | Noticed Ijyb
    36 | D        | Killed Ijyb
    36 | D        | Reached skill level 4 in Maces & Flails
    36 | D        | Reached XP level 2. HP: 22/31 MP: 1/1
    53 | D        | Noticed an ogre
    57 | D        | Killed an ogre
    57 | D        | Reached skill level 6 in Maces & Flails
    57 | D        | Reached XP level 3. HP: 40/40 MP: 2/2
    57 | D        | Reached XP level 4. HP: 49/49 MP: 3/3
   105 | D        | Noticed Sigmund
   112 | D        | Killed Sigmund
   112 | D        | Reached ** piety under Trog
   112 | D        | Reached skill level 5 in Fighting
   112 | D        | Reached skill level 8 in Maces & Flails
   112 | D        | Reached skill level 5 in Dodging
   112 | D        | Reached XP level 5. HP: 59/59 MP: 4/4
   134 | D        | Found an ornate altar of the Wu Jian Council.
   134 | D        | Found a deep blue altar of Sif Muna.
   136 | D        | Found a radiant altar of Vehumet.
   139 | D        | Reached XP level 6. HP: 67/67 MP: 5/5
   142 | D        | Found Offo's Jewellery Emporium.
   142 | D        | Found an ancient bone altar of Kikubaaqudgha.
   142 | D        | Found a hazy altar of Hepliaklqana.
   142 | D        | Found a stormy altar of Qazlal.
   142 | D        | Found a hide-covered altar of Uskayaw.
   142 | D        | Found a blossoming altar of Fedhas.
   142 | D        | Found a bloodstained altar of Trog.
   142 | D        | Found an iron altar of Okawaru.
   142 | D        | Found a basalt altar of Yredelemnul.
   142 | D        | Found a glowing golden altar of the Shining One.
   142 | D        | Found a snail-covered altar of Cheibriados.
   142 | D        | Found a sacrificial altar of Ru.
   142 | D        | Found a glowing silver altar of Zin.
   142 | D        | Found a shadowy altar of Dithmenos.
   142 | D        | Found a white marble altar of Elyvilon.
   142 | D        | Noticed a yak
   145 | D        | Killed a yak
   145 | D        | Reached skill level 9 in Maces & Flails
   146 | D        | Found an opulent altar of Gozag.
   147 | D        | Found a sparkling altar of Nemelex Xobeh.
   175 | D        | Noticed Sonja
   194 | D        | Mangled by Sonja

Vault maps used:
D:        dungeon_sprint_1

Skill      XL: |  1  2  3  4  5  6 |
---------------+-------------------+-----
Fighting       | 3 4 5 6 |  6.5
Maces & Flails | 4 6 8 9 |  9.7
Dodging        | 3 4 5 6 |  6.5

Action                   |  1- 3 |  4- 6 || total
-------------------------+-------+-------++-------
Melee: Mace              |    37 |       ||    37
       Giant club        |       |    16 ||    16
Invok: Berserk           |     1 |     2 ||     3
       Trog's Hand       |       |     1 ||     1
  Use: Potion            |       |     3 ||     3
  Eat: Chunk             |       |     3 ||     3
Armor: Animal skin       |    12 |     5 ||    17
Dodge: Dodged            |    13 |    19 ||    32
